 Dungeon Crawl Stone Soup version 0.25-a0-492-g44cc58d (webtiles) character file.

Game seed: 3208472745080636659, levelgen mode: deterministic

5934 Faels the Spear-Bearer (level 10, 0/60 HPs)
             Began as a Vampire Fighter on Feb 11, 2020.
             Was a Believer of Okawaru.
             Slain by Snorg (2 damage)
             ... on level 10 of the Dungeon.
             The game lasted 00:37:27 (8305 turns).

Faels the Spear-Bearer (Vampire Fighter)            Turns: 8305, Time: 00:37:27

Health: 0/60       AC: 21    Str: 27    XL:     10   Next: 54%
Magic:  0/21       EV:  8    Int: 14    God:    Okawaru [**....]
Gold:   869        SH: 17    Dex: 18    Spells: 9/9 levels left

rFire    . . .     SeeInvis +   M - +9 spear "Itodegeg" {freeze, *Contam Str+4 Dex+4}
rCold    + + .     Gourm    .   c - +5 kite shield
rNeg     + + +     Faith    .   N - +1 crystal plate armour of Weirir {rPois MR+ MP+9} (curse)
rPois    ∞         Spirit   +   P - +0 helmet {Int+3}
rElec    .         Reflect  .   Q - scarf {repulsion}
rCorr    .         Harm     .   (no gloves)
MR       ++...                  (no boots)
Stlth    ..........             L - amulet of guardian spirit
HPRegen  0.00/turn              i - ring of positive energy
MPRegen  0.17/turn              D - +5 ring of strength

@: heroism, bloodless, repel missiles
A: no food, fangs 3, see invisible, unbreathing
a: Bat Form, Revivify, Heroism, Renounce Religion


You were on level 10 of the Dungeon.
You worshipped Okawaru.
Okawaru was pleased with you.
You were bloodless.

You visited 2 branches of the dungeon, and saw 11 of its levels.
You also visited: Sewer and Bailey.

You collected 869 gold pieces.

Inventory:

Hand Weapons
 d - the +7 war axe "Lunool" {drain, +Rage}
   (You found it in a sewer)

   A truly terrible weapon, it drains the life of those it strikes.
   It lets you go berserk.
 n - a +2 battleaxe of distortion
 A - a +1 mace of protection
 B - a +0 long sword of freezing
 F - the +6 hunting sling "Pobaf" {vorpal, Dex+4, unknown}
   (You found it on level 8 of the Dungeon)

   Any stone fired from it inflicts extra damage.
   It affects your dexterity (+4).
 M - the +9 spear "Itodegeg" (weapon) {freeze, *Contam Str+4 Dex+4}
   (You found it on level 7 of the Dungeon)

   It has been specially enchanted to freeze those struck by it, causing extra
   injury to most foes and up to half again as much damage against particularly
   susceptible opponents.
   It can also slow down cold-blooded creatures.
   It affects your strength (+4).
   It affects your dexterity (+4).
   It causes magical contamination when unequipped.
 O - the cursed +0 glaive of Xiqute {flame, Int+6}
   (You found it in a bailey)

   It has been specially enchanted to burn those struck by it, causing extra
   injury to most foes and up to half again as much damage against particularly
   susceptible opponents.
   Big, fiery blades are also staple armaments of hydra-hunters.
   It affects your intelligence (+6).
   It has a curse placed upon it.
Missiles
 a - 2 throwing nets
 g - 17 boomerangs (quivered)
Armour
 c - a +5 kite shield (worn)
 r - a cursed -2 plate armour
 N - the cursed +1 crystal plate armour of Weirir (worn) {rPois MR+ MP+9}
   (You found it in a bailey)

   It protects you from poison.
   It affects your resistance to hostile enchantments.
   It affects your magic capacity (+9).
   If you remove this armour, your AC will decrease by 20 (21 -> 1).
   It has a curse placed upon it.
 P - a +0 helmet of intelligence (worn)
 Q - a scarf of repulsion (worn)
 U - a +1 scale mail of cold resistance
Jewellery
 f - an uncursed ring of flight
 i - a ring of positive energy (left hand)
 o - an uncursed amulet of regeneration
 D - a +5 ring of strength (right hand)
 L - an amulet of guardian spirit (around neck)
 R - an uncursed amulet of magic regeneration
Wands
 q - a wand of iceblast (10)
 x - a wand of paralysis (2)
 I - a wand of digging (14)
Scrolls
 b - a scroll of summoning {unknown}
 h - 7 scrolls of amnesia
 j - 2 scrolls of magic mapping
 s - a scroll of vulnerability {unknown}
 t - 2 scrolls of immolation {unknown}
 y - 2 scrolls of remove curse
 z - 4 scrolls of teleportation {unknown}
 G - a scroll of torment {unknown}
 K - 3 scrolls of identify
 S - a scroll of fog {unknown}
 T - a scroll of silence {unknown}
Potions
 e - a potion of flight {unknown}
 k - 2 potions of ambrosia
 l - 3 potions of mutation {unknown}
 m - 6 potions of curing {unknown}
 p - 2 potions of degeneration {unknown}
 u - a potion of brilliance {unknown}
 v - 2 potions of berserk rage {unknown}
 w - 3 potions of heal wounds {unknown}
 C - 2 potions of magic {unknown}
 E - 2 potions of lignification {unknown}
 H - 2 potions of haste {unknown}
 J - 2 potions of might


   Skills:
 - Level 5.9(10.9) Fighting
 - Level 7.8(15.1) Axes
 * Level 10.1(16.2) Polearms
 - Level 2.4(7.4) Armour
 - Level 3.5(8.5) Dodging
 - Level 2.6(7.6) Shields
 - Level 3.4 Evocations


You had 9 spell levels left.
You didn't know any spells.
Your spell library contained the following spells:

 Spells                   Type           Power        Failure   Level  Hunger
 Infusion                 Chrm           #...         100%        1    N/A
 Shroud of Golubria       Chrm/Tloc      #.....       100%        2    N/A
 Song of Slaying          Chrm           #.......     100%        2    N/A
 Ozocubu's Armour         Chrm/Ice       #.......     100%        3    N/A
 Spectral Weapon          Hex/Chrm       #.......     100%        3    N/A

Dungeon Overview and Level Annotations

Branches:
Dungeon (10/15)            Temple (1/1) D:4             Orc (0/2) D:10
  Sewer (visited)          Bailey (visited)
   Lair: D:8-11

Altars:
Ashenzari
Cheibriados
Dithmenos
Elyvilon
Fedhas
Gozag
Hepliaklqana
Kikubaaqudgha
Makhleb
Nemelex Xobeh
Okawaru
Qazlal
Ru
Sif Muna
Trog
Uskayaw
Vehumet
Wu Jian
Xom
Yredelemnul
Zin
The Shining One

Annotations:
D:10 Snorg


Innate Abilities, Weirdness & Mutations

You do not eat.
You do not regenerate when monsters are visible.
You are frail without blood (-20% HP).
You can heal yourself when you bite living creatures.
You are immune to poison.
You have razor-sharp teeth.
You have supernaturally acute eyesight. (SInv)
You can survive without breathing.


Message History

You puncture Snorg! You freeze Snorg. Your bite misses Snorg.
Snorg is heavily wounded.
Snorg bites you! You block Snorg's attack. Snorg claws you!
* * * LOW HITPOINT WARNING * * *
You puncture Snorg! You freeze Snorg.
Snorg is severely wounded.
Snorg bites you but does no damage. You block Snorg's attack. x2
Okay, then.
Evoke which item? (* to show all) (? for menu, Esc to quit)
Okay, then.
You puncture Snorg! You freeze Snorg.
Snorg is almost dead.
Snorg bites you!!
* * * LOW HITPOINT WARNING * * *
Snorg claws you but does no damage. You block Snorg's attack.
You block the jelly's attack.
You hit Snorg. You freeze Snorg.
Snorg is almost dead.
Snorg bites you.
You die...

#...# ##
#...#####
#...# ##8
#........
#...# +..
#...#.###
#...# #8.
###......
...(# #8.
##..... ....#
#8. #.....
....##
#'#######
#..... .....+
#JT....<#
#....# .....#
##@######
#....# .....#
##.########
#....# .....#
#..........
##.### .....#
###..########
#.# .....#
#....# #.>
.......
#.##.# ##
..<...#
#.##.# #.##.#
#.##.#####


You could see Snorg (berserk) and a jelly.

Vanquished Creatures
  An orc knight (Bailey)
  A centaur zombie (D:10)
  A hippogriff (D:8)
  A spriggan (D:9)
  A hungry ghost (D:8)
  Menkaure (D:4)
  Purgy (Sewer)
  5 orc warriors (Bailey)
  An ice beast (D:10)
  2 black bears
  A necrophage (D:9)
  A sky beast (D:8)
  7 ogres
  2 phantoms
  An eye of draining (D:8)
  5 centaurs
  5 bullfrogs
  9 killer bees
  3 howler monkeys
  5 crimson imps
  A bullfrog zombie (D:10)
  A quasit (D:10)
  A centaur skeleton (D:8)
  5 jellies
  A bullfrog skeleton (D:9)
  6 orc priests
  3 hounds
  6 orc wizards
  Terence (D:2)
  9 worker ants
  A hound skeleton (D:6)
  A worker ant zombie (D:9)
  Robin (D:2)
  4 gnolls (D:7)
  14 adders
  A shadow imp (D:10)
  An ooze (D:2)
  2 adder skeletons (D:5)
  An adder zombie (D:5)
  4 worms
  A dart slug (D:1)
  9 leopard geckos
  36 orcs
  7 giant cockroaches
  14 goblins
  11 hobgoblins
  5 jackals
  2 quokkas
  2 ball pythons
  11 bats
  3 frilled lizards
  A giant cockroach zombie (D:6)
  A jackal skeleton (D:4)
  6 kobolds
  A quokka zombie (D:5)
  4 rats
  2 plants (D:5)
234 creatures vanquished.

Notes
Turn   | Place    | Note
-------+----------+-------------------------------------------
     0 | D:1      | Faels the Vampire Fighter began the quest for the Orb.
     0 | D:1      | Reached XP level 1. HP: 17/17 MP: 1/1
   163 | D:1      | Reached XP level 2. HP: 21/23 MP: 2/2
   806 | D:2      | Reached XP level 3. HP: 21/29 MP: 3/3
  1126 | D:2      | Noticed Terence
  1132 | D:2      | Killed Terence
  1132 | D:2      | Reached XP level 4. HP: 32/35 MP: 4/4
  1230 | D:2      | Noticed Robin
  1257 | D:2      | Killed Robin
  1449 | D:2      | Reached skill level 1 in Dodging
  1506 | D:2      | Found a snail-covered altar of Cheibriados.
  1707 | D:3      | Reached XP level 5. HP: 41/41 MP: 5/5
  2464 | D:3      | Found a basalt altar of Yredelemnul.
  2744 | D:3      | Reached XP level 6. HP: 34/48 MP: 6/6
  2767 | D:4      | Paralysed by an orc for 3 turns
  2907 | D:4      | Found a staircase to the Ecumenical Temple.
  2916 | Temple   | Entered the Ecumenical Temple
  3096 | D:4      | Found a shimmering altar of Xom.
  3189 | D:4      | Reached skill level 5 in Axes
  3289 | D:4      | Noticed Menkaure
  3300 | D:4      | Killed Menkaure
  3300 | D:4      | Reached XP level 7. HP: 32/55 MP: 7/7
  3526 | D:5      | Entered Level 5 of the Dungeon
  3749 | D:5      | Found a shimmering blue altar of Sif Muna.
  3880 | D:5      | Found a sacrificial altar of Ru.
  4076 | D:6      | Reached skill level 1 in Evocations
  4082 | D:6      | Reached skill level 5 in Fighting
  4143 | D:6      | Reached XP level 8. HP: 42/62 MP: 9/9
  4159 | D:6      | Found a glowing drain.
  4178 | Sewer    | Entered a sewer
  4204 | Sewer    | Noticed Purgy
  4210 | Sewer    | Killed Purgy
  4227 | Sewer    | Got an ebony war axe
  4234 | Sewer    | Identified the +7 war axe "Lunool" {drain, +Rage} (You
                  | found it in a sewer)
  5068 | D:7      | Found a flagged portal.
  5075 | D:7      | Got a twisted spear
  5076 | D:7      | Identified the +9 spear "Itodegeg" {freeze, *Contam Str+4
                  | Dex+4} (You found it on level 7 of the Dungeon)
  5079 | Bailey   | Entered a bailey
  5149 | Bailey   | Noticed an orc knight
  5262 | Bailey   | Reached skill level 1 in Polearms
  5263 | Bailey   | Reached skill level 2 in Polearms
  5263 | Bailey   | Reached XP level 9. HP: 69/69 MP: 11/11
  5270 | Bailey   | Killed an orc knight
  5270 | Bailey   | Reached skill level 4 in Polearms
  5289 | Bailey   | Reached skill level 5 in Polearms
  5344 | Bailey   | Got a spiked crystal plate armour
  5355 | Bailey   | Identified the cursed +1 crystal plate armour of Weirir
                  | {rPois MR+ MP+9} (You found it in a bailey)
  5358 | Bailey   | Got a dazzling glaive
  5372 | Bailey   | Identified the cursed +0 glaive of Xiqute {flame, Int+6}
                  | (You found it in a bailey)
  5756 | D:7      | Found a hazy altar of Hepliaklqana.
  5757 | D:7      | Found a glowing silver altar of Zin.
  5757 | D:7      | Found a sparkling altar of Nemelex Xobeh.
  5759 | D:7      | Found an iron altar of Okawaru.
  5760 | D:7      | Found a stormy altar of Qazlal.
  5761 | D:7      | Found a sacrificial altar of Ru.
  5765 | D:7      | Became a worshipper of Warmaster Okawaru
  6088 | D:7      | Reached skill level 6 in Polearms
  6520 | D:8      | Got a jewelled hunting sling
  6572 | D:8      | Reached skill level 7 in Polearms
  6597 | D:8      | Reached * piety under Okawaru
  6701 | D:8      | Reached skill level 8 in Polearms
  6701 | D:8      | Reached XP level 10. HP: 57/60 MP: 8/12
  6900 | D:8      | Found a blossoming altar of Fedhas.
  7398 | D:9      | Reached skill level 9 in Polearms
  7478 | D:9      | Found a burning altar of Makhleb.
  7496 | D:9      | Reached ** piety under Okawaru
  7953 | D:9      | Found a white marble altar of Elyvilon.
  7992 | D:10     | Entered Level 10 of the Dungeon
  8018 | D:10     | Found a stormy altar of Qazlal.
  8130 | D:10     | Reached skill level 10 in Polearms
  8227 | D:10     | Found a staircase to the Orcish Mines.
  8292 | D:10     | Noticed Snorg
  8304 | D:10     | HP: 2/60 [Snorg (16)]
  8305 | D:10     | Slain by Snorg

Levels and vault maps discovered:
D:1:      doesnt_arrival_eight_statues, layout_loops_ring, grunt_decor_fettered
D:2:      layout_loops_ring, cheibriados_altar_1, uniq_robin, uniq_terence
D:3:      layout_basic, lemuel_coloured_pillars_altar, kennysheep_nondescript
D:4:      layout_gridville, xom_butterflies, lemuel_temple_firewalk_b,
          first_ration, uniq_menkaure
D:5:      layout_gridville, lemuel_crystal_altar,
          nicolae_ru_the_path_less_chosen
D:6:      layout_loops_ring, portal_sewer_entry_f,
          chequers_serial_rivers_micro_c
D:7:      layout_loops_corners, minitemple, enter_bailey_2
D:8:      layout_basic, old_standard_altar
D:9:      lemuel_flame_loot_2, layout_irregular_city, makhleb_grotto_becter,
          lemuel_doored_altar, the_bakery
D:10:     minmay_chambers_of_sevens, layout_basic, lair_entry_dummy,
          orc_0_dummy, nicolae_qazlal_general_emergency, uniq_snorg
Temple:   nicolae_temple_figure_zero

Skill      XL: |  1  2  3  4  5  6  7  8  9 10 |
---------------+-------------------------------+-----
Axes           | 2 3 4 5 6 7 |  7.8
Fighting       | 3 4 5 |  5.9
Dodging        | 1 2 3 |  3.5
Evocations     | 1 3 |  3.4
Polearms       | 2 8 10 | 10.1
Armour         | |  2.4
Shields        | |  2.6

Action                   |  1- 3 |  4- 6 |  7- 9 | 10-12 || total
-------------------------+-------+-------+-------+-------++-------
Melee: War axe           |    75 |   205 |   189 |       ||   469
       Bite              |     8 |    24 |    37 |    23 ||    92
       Spear             |       |       |   132 |   160 ||   292
Throw: Boomerang         |     1 |     4 |       |     1 ||     6
Invok: Heroism           |       |       |       |     1 ||     1
 Abil: Exsanguinate      |       |       |     2 |       ||     2
       Bat Form          |       |       |     1 |       ||     1
       Revivify          |       |       |     1 |       ||     1
Evoke: Wand              |       |       |     7 |       ||     7
  Use: Potion            |     1 |     1 |     1 |       ||     3
       Scroll            |       |    10 |     5 |     3 ||    18
Armor: Scale mail        |    43 |     2 |       |       ||    45
       Chain mail        |       |   121 |    86 |       ||   207
       Crystal plate arm |       |       |    35 |    38 ||    73
Dodge: Dodged            |    20 |    39 |    56 |     9 ||   124
       Deflected         |       |       |       |     1 ||     1
Block: Kite shield       |    46 |   132 |   166 |    77 ||   421

Table legend:
 A = Non-vault XP
 B = Vault XP
 C = Vault XP percentage of total XP
 D = Non-vault monster count
 E = Vault monster count
 F = Vault count percentage of total count
                 A         B        C        D         E       F
            +---------+---------+-------+---------+---------+-------
      Total |    6444 |    2034 |  24.0 |     185 |      47 |  20.3
            +---------+---------+-------+---------+---------+-------
        D:1 |      20 |       0 |   0.0 |      12 |       0 |   0.0
        D:2 |      87 |      74 |  46.0 |      24 |      13 |  35.1
        D:3 |     251 |       0 |   0.0 |      27 |       0 |   0.0
        D:4 |     158 |     172 |  52.1 |      14 |       1 |   6.7
        D:5 |     254 |       0 |   0.0 |      10 |       0 |   0.0
        D:6 |    1182 |      10 |   0.8 |      19 |       4 |  17.4
        D:7 |     832 |       0 |   0.0 |      16 |       0 |   0.0
        D:8 |    1625 |       0 |   0.0 |      30 |       0 |   0.0
        D:9 |    1251 |     270 |  17.8 |      18 |       2 |  10.0
       D:10 |     784 |       0 |   0.0 |      15 |       0 |   0.0
      Sewer |       0 |     139 | 100.0 |       0 |       6 | 100.0
     Bailey |       0 |    1369 | 100.0 |       0 |      21 | 100.0
            +---------+---------+-------+---------+---------+-------
